 Dungeon Crawl Stone Soup version 0.23.0-3-gf3c87f2 (webtiles) character file.

Game seed: 17863374755424369488

31 misha the Poker (level 3, -1/28 HPs)
             Began as a Merfolk Gladiator on Feb 23, 2019.
             Slain by a goblin (4 damage)
             ... on level 1 of the Dungeon.
             The game lasted 00:03:54 (1399 turns).

misha the Poker (Merfolk Gladiator)                 Turns: 1399, Time: 00:03:55

Health: -1/28      AC:  4    Str: 15    XL:     3   Next: 22%
Magic:  3/3        EV: 14    Int:  7    God:
Gold:   51         SH:  0    Dex: 15    Spells: 2/2 levels left

rFire    . . .     SeeInvis .   a - +1 trident
rCold    . . .     Gourm    .   (no shield)
rNeg     . . .     Faith    .   b - +0 leather armour
rPois    .         Spirit   .   c - +0 helmet
rElec    .         Reflect  .   (no cloak)
rCorr    .         Harm     .   (no gloves)
MR       .....                  (no boots)
Stlth    +.........             (no amulet)
HPRegen  0.09/turn              (no ring)
MPRegen  0.08/turn              (no ring)

@: no status effects
A: change form in water, swift swim, stealthy swim
a: no special abilities


You were on level 1 of the Dungeon.
You were not hungry.

You visited 1 branch of the dungeon, and saw 2 of its levels.

You collected 51 gold pieces.

Inventory:

Hand Weapons
 a - a +1 trident (weapon)
Missiles
 d - 3 throwing nets (quivered)
 n - 20 sling bullets
 o - 39 stones
Armour
 b - a +0 leather armour (worn)
 c - a +0 helmet (worn)
Jewellery
 j - a +3 ring of protection {unknown}
Scrolls
 h - 2 scrolls of remove curse
 m - a scroll of identify
 p - 2 scrolls of amnesia
Potions
 i - 2 potions of might {unknown}
 k - a potion of lignification {unknown}
 l - a potion of flight {unknown}
 r - a potion of degeneration {unknown}
Comestibles
 f - a ration
 s - 2 chunks of flesh


   Skills:
 - Level 2.3 Fighting
 + Level 5.1 Polearms
 + Level 2.2 Throwing
 - Level 0.4 Armour
 - Level 4.5 Dodging


You had 2 spell levels left.
You didn't know any spells.
Your spell library was empty.

Dungeon Overview and Level Annotations

Branches:
Dungeon (2/15)

Altars:
Xom

Annotations:
D:2 Sigmund


Message History

You resist with significant effort.
You see here a stone.
The goblin shoots a stone.
The stone barely misses you.
You see here a stone.
The goblin shoots a stone.
The stone hits you but does no damage.
You see here a stone.
The goblin shoots a stone.
The stone barely misses you.
The stone barely misses Sigmund.
The goblin shoots a stone.
The stone hits you.
You see here a stone.
There is a stone staircase leading up here.
The goblin unwields a +0 hunting sling.
The goblin closely misses you.
Sigmund hits you from afar with a +3 scythe of distortion!
Ouch! That really hurt!
Space warps horribly around you!
* * * LOW HITPOINT WARNING * * *
You climb upwards.
There is a stone staircase leading down here.
You closely miss the goblin. The goblin hits you.
You die...

..#.# #.......#######..#.#..##
..#.# ####.##.# #.#.#.#.#.# ..#.#
#..#.# #..#...#..# #...# #..#.#
######.....### #############....#
#.'.....<.....
..............#..###.####.....###
......................#..#...#..#
###############..####.#.#.#.#.#.#
................@g....##..#.#..##
##.............#.##########.#####
##.###....####.#.....######'##...
##.# #.##.# #.#####.............
##.# #.#..# #...............#...
##.# #.#..# #######.....#.#.####
##.# #.#.## #...................
##.###.#.#####.#####.....#.#.####
##.................#.....#.#....#


You could see a goblin.

Vanquished Creatures
  3 dart slugs (D:1)
  3 bats
  3 giant cockroaches (D:1)
  6 goblins
  2 hobgoblins
  A kobold (D:1)
  2 frilled lizards
  2 rats (D:1)
22 creatures vanquished.

Notes
Turn   | Place    | Note
-------+----------+-------------------------------------------
     0 | D:1      | misha the Merfolk Gladiator began the quest for the Orb.
     0 | D:1      | Reached XP level 1. HP: 16/16 MP: 1/1
   133 | D:1      | Reached XP level 2. HP: 22/22 MP: 2/2
   675 | D:1      | Reached skill level 5 in Polearms
   700 | D:1      | Reached XP level 3. HP: 28/28 MP: 3/3
  1168 | D:2      | Found a faded altar of an unknown god.
  1170 | D:2      | Became a worshipper of Xom of Chaos
  1180 | D:2      | Fell from the grace of Xom
  1379 | D:2      | Noticed Sigmund
  1399 | D:1      | Slain by a goblin

Skill      XL: |  1  2 |
---------------+-------+-----
Polearms       | 5 |  5.1
Fighting       | |  2.3
Throwing       | |  2.2
Armour         | |  0.4
Dodging        | |  4.5

Action                   || total
-------------------------++-------
Melee: Trident           ||    54
Invok: Renounce Religion ||     1
  Use: Scroll            ||     5
 Stab: Sleeping          ||     1
  Eat: Chunk             ||     1
Armor: Leather armour    ||    13
Dodge: Dodged            ||    25
